Unix NetHack Version 5.0.0-0 post-release - last build Jun 10 2026 00:39:30 (3ee93aec679c4c4259841fe613dc97188e26a321,branch:main).

Game began 2026-07-10 12:49:43, ended 2026-07-10 13:27:43.

DaveT, lawful male human Priest

 ---------             #---------------------------------
 |.......|             #|................................
 |.......|             #| ---------------.-----------...|
 |.....>.-##############           |%((.|.-%...|((.*|...|
 |.......|             #           |(((.-.|....|(.(.|...|
 |........            ##           |((..|.|....|(.()-[..|
 ---.-----            ##| -------+-------.----------|...|
    #                  #|.............{....|....|%!%|...|
    #                  #| ---   ----.......|.._.|...|...|
   ##                  #           |.......|....|..%|...|
   #                   #           |......{|....|..)|...|
   #                   #| - --  --+-..@....--|-----)-...|
   #                   #|...................o%d@...%%.@.|
  ##                   #| ---- --.......----|--[-----...|
  #  ######            #        |.......   |..|[.|  |...|
 -.--+---.-# #######   #        |.......   |..|..|  +...|#       #
 |........|#############        --------   -------  ---.-##########+
 |......<..################################################
 ----------

DaveT the Adept              St:15 Dx:13 Co:15 In:9 Wi:17 Ch:8  Lawful
Dlvl:6  $:2348 HP:0(60) Pw:95(95) AC:2  Xp:8 T:6899  Satiated Burdened

Latest messages:
 You kill the hill orc!
 The hill orc thrusts her crude dagger.
 The hill orc just misses!
 You hit the hill orc!
 The hill orc thrusts her crude dagger.
 The hill orc hits!
 You hit the hill orc!
 The hill orc thrusts her crude dagger.
 The hill orc hits!
 The hill orc picks up an iron skull cap.
 You kill the hill orc!
 The hill orc hits!
 You hit the hill orc!
 The hill orc hits!
 You hit the hill orc!
 The hill orc hits!
 You kill the hill orc!
 The hill orc misses!
 You have a little trouble lifting $ - 18 gold pieces (2348 in total).
 The hill orc misses!
 You hit the hill orc!
 The hill orc misses!
 You kill the hill orc!
 Wait!  There's something there you can't see!
 You hit it.
 It hits!
 You feel tough!
 You must have been leading a healthy life-style.
 You hit it.
 You kill it!
 There are several objects here.
 The hill orc swings his curved sword.
 The hill orc hits!
 You hear someone cursing shoplifters.
 You hit the hill orc!
 You kill the hill orc!
 You have a little trouble lifting y - a scroll labeled MAPIRO MAHAMA DIROMAT.
 You hit the hill orc!
 The hill orc thrusts her crude dagger.
 The hill orc hits!
 What do you want to zap? [pxQ or ?*] p
 Nothing happens.
 The hill orc picks up an iron skull cap.
 The wolf bites!
 Are you sure you want to pray? [yn] (n) y
 You begin praying to Shan Lai Ching.
 The wolf bites!
 You die...
 Do you want your possessions identified? [ynq] (y) y
 Do you want to see your attributes? [ynq] (y) q

Inventory:
 Coins    ('$')
  $ - 2348 gold pieces
 Weapons  (')')
  j - 13 +0 darts
  i - a +0 dagger
  E - 13 +0 daggers (at the ready)
  G - a blessed +0 orcish dagger
  a - a blessed +1 mace (weapon in right hand)
 Armor    ('[')
  A - a blessed +0 orcish helm (being worn)
  V - a cursed +0 orcish helm
  L - a cursed +1 pair of leather gloves (being worn)
  c - a +0 small shield (being worn)
  k - a +0 scale mail (being worn)
 Comestibles  ('%')
  K - a slime mold
  e - a clove of garlic
  t - 4 food rations
  z - 3 fortune cookies
  N - a cursed lembas wafer
  o - an orange
  f - a sprig of wolfsbane
  r - 2 tins of dried fox meat
  u - a tin of pickled quivering blob
  C - a lichen corpse
 Scrolls  ('?')
  M - a scroll of amnesia
  F - a cursed scroll of blank paper
  y - a scroll of enchant weapon
  X - 2 scrolls of identify
  P - a cursed scroll of identify
  O - a scroll of teleportation
 Spellbooks  ('+')
  h - a spellbook of detect monsters
  q - a spellbook of fireball
  g - a spellbook of light
 Potions  ('!')
  w - a potion of fruit juice
  R - 2 potions of healing
  J - a blessed potion of speed
  d - 4 potions of holy water
  H - a potion of water
 Rings    ('=')
  l - a cursed ring of teleportation
 Wands    ('/')
  x - a blessed wand of digging (0:6)
  Q - a cursed wand of secret door detection (0:11)
  p - a wand of striking (0:0)
 Tools    ('(')
  W - an empty bag of holding
  m - a brass lantern
  Y - a lock pick
  b - a magic marker (0:97)
  Z - a stethoscope
  D - a tallow candle
  T - a towel
 Gems/Stones  ('*')
  n - a worthless piece of violet glass
  v - a worthless piece of yellow glass

DaveT the Priest's attributes:

Background:
 You were an Adept, a level 8 human Priest.
 You were lawful, on a mission for Shan Lai Ching
 who was opposed by Chih Sung-tzu (neutral) and Huan Ti (chaotic).
 You were right-handed.
 You were in the Gnomish Mines, on level 6.
 You entered the dungeon 6899 turns ago.
 You had 1698 experience points, 862 more were needed to attain level 9.

Basics:
 You had 0 out of 60 hit points.
 You had all 95 energy points (spell power).
 Your armor class was 2.
 Your wallet contained 2348 zorkmids.
 Autopickup was off.

Final Characteristics:
 Your strength was 15 (peak:18, limit:18/100).
 Your dexterity was 13 (limit:18).
 Your constitution was 15 (limit:18).
 Your intelligence was 9 (limit:18).
 Your wisdom was 17 (limit:18).
 Your charisma was 8 (limit:18).

Final Status:
 You were satiated.
 You were burdened; movement was slightly slowed.
 You were wielding a mace.
 You had expert skill with mace.

Final Attributes:
 You were piously aligned.
 You were telepathic.
 You were warded.
 Your spell casting was impaired by metallic armor.
 You were fast.
 You are dead.

Miscellaneous:
 You encountered 1 bones level.
 Total elapsed playing time was 37 minutes and 56 seconds.

Major events:
 Turn
    1: DaveT the lawful human Priest entered the dungeon
  603: entered the Gnomish Mines
 1004: attained the rank of Acolyte (level 3)
 3146: attained the rank of Adept (level 6)
 6475: reached Mine Town
 6899: killed by a wolf, while praying

Spells:
 Name                 Level Category     Fail Retention
 light                  1   clerical     100%   61%-70%
 detect monsters        1   divination   100%   51%-75%

Skills:
 Fighting Skills
   bare handed combat [Unskilled]
 Weapon Skills
   club               [Unskilled]
   mace               [Expert]
   morning star       [Unskilled]
   flail              [Unskilled]
   hammer             [Unskilled]
   quarterstaff       [Unskilled]
   polearms           [Unskilled]
   spear              [Unskilled]
   trident            [Unskilled]
   lance              [Unskilled]
   bow                [Unskilled]
   sling              [Unskilled]
   crossbow           [Unskilled]
   dart               [Unskilled]
   shuriken           [Unskilled]
   boomerang          [Unskilled]
   unicorn horn       [Unskilled]
 Spellcasting Skills
   healing spells     [Unskilled]
   divination spells  [Unskilled]
   clerical spells    [Basic]

Voluntary challenges:
 Character rerolling was not enabled.
 You never genocided any monsters.
 You never polymorphed an object.
 You never changed form.
 You used no wishes.
Achievements:
 You entered the Gnomish Mines.
 You attained the rank of Acolyte.
 You entered a shop.
 You attained the rank of Adept.
 You entered Minetown.
 You entered a temple.

 The Dungeons of Doom: levels 1 to 6
    Level 1:
       An altar, a fountain.
    Level 2: "empty vault"
       A fountain.
       Stairs down to The Gnomish Mines.
    Level 3:
       A potion shop.
    Level 4:
    Level 5:
    Level 6:
       A fountain.
 The Gnomish Mines: levels 3 to 7
    Level 3: "nymph & leprechaun"
    Level 4:
    Level 5:
       A grave.
       Final resting place for
          Nestorix-Cav-Hum-Fem-Neu, killed by a crossbow bolt.
    Level 6: <- You were here.
       Many shops, a temple and an altar, some fountains.
       Final resting place for
          you, killed by a wolf, while praying.
    Level 7:


Vanquished creatures:
  a ghost
  a leprechaun
  a giant spider
  a dwarf mummy
 an owlbear
  a dog
  a housecat
  a dust vortex
  a wood nymph
  2 orc shamans
  a rock mole
  2 ponies
  a fog cloud
  3 yellow lights
  a violet fungus
  8 gnome leaders
  2 gnomish wizards
 an elf zombie
  2 floating eyes
  2 kittens
  3 dwarves
  2 homunculi
  2 kobold shamans
 14 hill orcs
  a rabid rat
  a centipede
  3 dwarf zombies
  2 iguanas
 an acid blob
  5 coyotes
  a gas spore
  2 manes
  3 hobgoblins
  a giant rat
  a cave spider
  a brown mold
  4 yellow molds
  3 green molds
  2 red molds
 25 gnomes
  9 garter snakes
  3 geckos
 11 jackals
  2 foxes
  3 kobolds
  2 goblins
  a sewer rat
  8 grid bugs
  3 bats
  4 lichens
  3 kobold zombies
  5 newts
165 creatures vanquished.

No species were genocided or became extinct.

Game over:
                       ----------
                      /          \
                     /    REST    \
                    /      IN      \
                   /     PEACE      \
                  /                  \
                  |      DaveT       |
                  |     2348 Au      |
                  | killed by a wolf |
                  |                  |
                  |                  |
                  |                  |
                  |       2026       |
                 *|     *  *  *      | *
        _________)/\\_//(\/(/\)/\//\/|_)_______

Goodbye DaveT the Priest...

You died in The Gnomish Mines on dungeon level 6 with 8260 points,
and 2348 pieces of gold, after 6899 moves.
You were level 8 with a maximum of 60 hit points when you died.

